 Dungeon Crawl Stone Soup version 0.22-a0-109-gbeb7240 (console) character file.

29 Evablue the Vexing (level 3, -2/14 HPs)
             Began as a Felid Enchanter on Jan 27, 2018.
             Hit by a stone thrown by a hobgoblin (4 damage)
             ... on level 1 of the Dungeon.
             The game lasted 00:02:03 (1006 turns).

Evablue the Vexing (Felid Enchanter)                Turns: 1006, Time: 00:02:04

Health: -2/14      AC:  1    Str:  4    XL:     3   Next: 1%
Magic:  7/7        EV: 18    Int: 17    God:
Gold:   27         SH:  0    Dex: 16    Spells: 3/6 levels left
                                        Lives:  0   Deaths: 0

rFire    . . .     SeeInvis +     - Unarmed
rCold    . . .     Gourm    .   (shield unavailable)
rNeg     . . .     Faith    .   (armour unavailable)
rPois    .         Spirit   .   (helmet unavailable)
rElec    .         Reflect  .   (cloak unavailable)
rCorr    .         Harm     .   (gloves unavailable)
MR       .....                  (boots unavailable)
Stlth    +++.......             (no amulet)
HPRegen  0.04/turn              (no ring)
MPRegen  0.10/turn              (no ring)

@: quick
A: very small, no armour, no weapons or thrown items, stealth, claws 1, fangs 3,
see invisible, carnivore, speed 1, shaggy fur 1, slow metabolism 1, sharp paws
a: no special abilities


You were on level 1 of the Dungeon.
You were not hungry.

You visited 1 branch of the dungeon, and saw 1 of its levels.

You collected 27 gold pieces.

Inventory:

Scrolls
 c - a scroll of amnesia {unknown}
 d - a scroll of blinking {unknown}
 e - 3 scrolls of immolation {unknown}
 f - a scroll of identify {unknown}
 g - a scroll of fear {unknown}
Books
 a - a book of Maledictions

   Spells                             Type                      Level
   a - Corona                         Hexes                        1
   b - Ensorcelled Hibernation        Hexes/Ice                    2
   c - Confuse                        Hexes                        3
   d - Tukima's Dance                 Hexes                        3
   e - Dazzling Spray                 Conjuration/Hexes            3
Comestibles
 b - 2 rations


   Skills:
 - Level 2.6 Dodging
 + Level 4.2 Stealth
 - Level 1.0 Unarmed Combat
 - Level 2.0 Spellcasting
 - Level 6.0 Hexes


You had 3 spell levels left.
You knew the following spells:

 Your Spells              Type           Power        Failure   Level  Hunger
a - Corona                Hex            ###....      1%          1    #......
b - Ensorcelled Hibernat  Hex/Ice        ##....       9%          2    ###....


Dungeon Overview and Level Annotations

Branches:
Dungeon (1/15)

Altars:


Innate Abilities, Weirdness & Mutations

You cannot wear armour.
You are incapable of wielding weapons or throwing items.
Your paws allow you to move quietly. (Stealth)
You have sharp claws.
You have razor-sharp teeth.
You have supernaturally acute eyesight. (SInv)
You are carnivorous and can eat meat at any time.
You cover ground quickly.
You are covered in fur. (AC +1)
You have a slow metabolism.
Your sharp claws are effective at attacking unaware monsters.


Message History

The stone closely misses you.
You scratch the ooze.
The ooze is severely wounded.
The ooze hits you.
The hobgoblin throws a stone.
The stone closely misses you.
You scratch the ooze.
The ooze is almost dead.
The ooze hits you.
* * * LOW HITPOINT WARNING * * *
The hobgoblin throws a stone.
The stone misses you.
You completely miss the ooze.
The ooze is almost dead.
The ooze hits you but does no damage.
You scratch the ooze.
You kill the ooze!
You have reached level 3!
Your experience leads to an increase in your attributes!
Increase (S)trength, (I)ntelligence, or (D)exterity?
You feel clever.
The hobgoblin throws a stone.
The stone hits you.
You die...

#.##....######
##.##.#.# #. ###..#
#.##.# # #..#
#######.##.#
####..#
#....†..##.#
.....###.########.#
...........# #.#
##.###..###..# #.#
........###(.# #.#
# ##..@.....# #.#
.g......####.#
##..#.### .# #. #.
.# # .# .# .#


You could see a hobgoblin.

Vanquished Creatures
  An ooze (D:1)
  3 dart slugs (D:1)
  A leopard gecko (D:1)
  A giant cockroach (D:1)
  A goblin (D:1)
  2 hobgoblins (D:1)
  3 jackals (D:1)
  A frilled lizard (D:1)
  A kobold (D:1)
  4 rats (D:1)
18 creatures vanquished.

Notes
Turn   | Place    | Note
-------+----------+-------------------------------------------
     0 | D:1      | Evablue the Felid Enchanter began the quest for the Orb.
     0 | D:1      | Reached XP level 1. HP: 7/7 MP: 4/4
   287 | D:1      | Reached skill level 5 in Hexes
   311 | D:1      | Reached XP level 2. HP: 11/11 MP: 6/6
   321 | D:1      | Learned a level 2 spell: Ensorcelled Hibernation
   988 | D:1      | Reached skill level 6 in Hexes
  1006 | D:1      | Reached XP level 3. HP: 2/14 MP: 7/7
  1006 | D:1      | Hit by a stone thrown by a hobgoblin

Vault maps used:
D:1:      scummos_arrival_gate

Skill      XL: |  1  2 |
---------------+-------+-----
Hexes          | 5 6 |  6.0
Dodging        | |  2.6
Stealth        | |  4.2
Unarmed Combat | |  1.0
Spellcasting   | |  2.0

Action                   || total
-------------------------++-------
Melee: Unarmed           ||    45
       Bite              ||     3
 Cast: Corona            ||     2
       Ensorcelled Hiber ||     6
 Stab: Sleeping          ||     9
  Eat: Chunk             ||     1
Armor: Skin              ||     2
Dodge: Dodged            ||    32

Table legend:
 A = Spawn XP
 B = Non-spawn XP
 C = Spawn XP percentage of total XP
 D = Spawn monster count
 E = Non-spawn monster count
 F = Spawn count percentage of total count
 G = Total turns spent on level
                    A         B        C        D         E        F      G
               +---------+---------+-------+---------+---------+-------+---------
         Total |       0 |      42 |   0.0 |       0 |      18 |   0.0 |  1006
               +---------+---------+-------+---------+---------+-------+---------
           D:1 |       0 |      42 |   0.0 |       0 |      18 |   0.0 |  1006
               +---------+---------+-------+---------+---------+-------+---------
